 Dungeon Crawl Stone Soup version 0.29.0-4-gdea44cf6ec (webtiles) character file.

Game seed: 12802296599463868915

158 qw the Chopper (level 5, 0/32 HPs)
             Began as a Gargoyle Fighter on Sept 6, 2022.
             Slain by an orc priest
             ... wielding a +0 hand axe
              (6 damage)
             ... on level 3 of the Dungeon.
             The game lasted 00:01:10 (2466 turns).

qw the Chopper (Gargoyle Fighter)                   Turns: 2466, Time: 00:01:11

Health: 0/32       AC: 14    Str: 21    XL:     5   Next: 39%
Magic:  5/5        EV:  7    Int:  9    God:
Gold:   125        SH:  4    Dex:  9    Spells: 4/4 levels left

rFire   + . .      SeeInvis .   Y - +1 war axe
rCold   . . .      Faith    .   c - +0 buckler
rNeg    + . .      Spirit   .   j - +0 chain mail
rPois   inf        Reflect  .   (no helmet)
rElec   +          Harm     .   (no cloak)
rCorr   .          Rampage  .   e - +0 pair of gloves
Will    .....                   (no boots)
Stlth   ..........              (no amulet)
HPRegen 0.10/turn               f - ring of protection from fire
MPRegen 0.09/turn               (no ring)

@: no status effects
A: sickness immunity, AC +4, negative energy resistance 1, electricity
resistance, torment resistance 1, petrification resistance
a: no special abilities


You were on level 3 of the Dungeon.
You visited 1 branch of the dungeon, and saw 3 of its levels.

You collected 125 gold pieces.


Innate Abilities, Weirdness & Mutations

You are immune to sickness and miasma.
Your stone body is resilient. (AC +4)
You are immune to poison.
You resist negative energy. (rN+)
You are resistant to electric shocks. (rElec)
You are resistant to unholy torment.
You are immune to petrification.


   Skills:
 - Level 3.2 Fighting
 + Level 4.9 Axes
 - Level 3.2 Armour
 - Level 3.2 Shields


You had 4 spell levels left.
You didn't know any spells.
Your spell library was empty.

Inventory:

Hand Weapons
 k - a +0 flail
 Y - a +1 war axe (weapon)
Armour
 c - a +0 buckler (worn)
 e - a +0 pair of gloves (worn)
 j - a +0 chain mail (worn)
Jewellery
 f - a ring of protection from fire (left hand)
Scrolls
 a - a scroll of identify
 b - a scroll of enchant armour {unknown}
 h - a scroll of noise {unknown}
Potions
 d - 2 potions of might
 i - a potion of brilliance {unknown}

Dungeon Overview and Level Annotations

Branches:
Dungeon (3/15)

Altars:
Xom


Message History

You hit the orc.
The orc is severely wounded.
The orc closely misses you.
You closely miss the orc.
The orc is severely wounded.
The orc hits you but does no damage.
The orc priest calls upon Beogh to heal the orc.
The orc's wounds heal themselves!
You barely miss the orc. You block the orc's attack.
The orc priest calls down the wrath of Beogh upon you.
Beogh smites you! The orc hits you but does no damage.
You hit the orc but do no damage. The orc hits you but does no damage.
The orc priest looks satisfied for a moment.
You barely miss the orc. The orc hits you but does no damage.
You barely miss the orc. The orc hits you but does no damage.
The orc priest hits you but does no damage.
The orc hits you but does no damage.
You closely miss the orc priest. You slash the orc!
You kill the orc!
The orc priest hits you with a +0 hand axe.
You slash the orc priest!
The orc priest is severely wounded.
The orc priest mumbles some strange prayers to Beogh against you.
Beogh smites you!
You closely miss the orc priest.
The orc priest is severely wounded.
The orc priest hits you but does no damage.
The orc priest looks braver for a moment.
You closely miss the orc priest.
The orc priest is severely wounded.
The orc priest mumbles some strange prayers to Beogh against you.
Pain shoots through your body!
You hit the orc priest.
The orc priest is almost dead.
The orc priest hits you with a +0 hand axe.
You die...

...##...##. .....
...##...... ### ....#
...#...# #.## .o#.#
.#....# ##..#### ....#
...#.##### #......##...
.........###.####..#.#
.............# ##...#
..........#### ###...##
..........# ##@)(...#
#........######..o....##
#........###...........#
.......................#
#.......................#
##......##.##..########.#
#.....).......## .#
...)..#))...### .
.............##


You could see an orc priest.

Vanquished Creatures
  Natasha (twice) (D:2)
  3 gnolls (D:3)
  4 adders
  2 worms (D:2)
  A dart slug (D:1)
  An orc (D:3)
  3 giant cockroaches
  2 hobgoblins
  5 kobolds
  A quokka (D:2)
  3 ball pythons
  2 bats (D:1)
  A frilled lizard (D:1)
  4 goblins
  5 rats
39 creatures vanquished.

Notes
Turn   | Place    | Note
-------+----------+-------------------------------------------
     0 | D:1      | qw the Gargoyle Fighter began the quest for the Orb.
     0 | D:1      | Reached XP level 1. HP: 14/14 MP: 1/1
     0 | D:1      | 0 ||| qw: Version: 0.1-a-107-g9ff403c
     0 | D:1      | 0 ||| qw: Game counter: 6156
     0 | D:1      | 0 ||| qw: Always use a shield: true
     0 | D:1      | 0 ||| qw: God list: Okawaru
     0 | D:1      | 0 ||| qw: Allow faded altars: false
     0 | D:1      | 0 ||| qw: Do Orc after D:15 true
     0 | D:1      | 0 ||| qw: Do second Lair branch before Depths: true
     0 | D:1      | 0 ||| qw: Lair rune preference: random
     0 | D:1      | 0 ||| qw: Plans: Normal, Zot, God:TSO, Crypt, Tomb, Zig,
                  | Orb
     0 | D:1      | 0 ||| PLANNING D:1-11
    75 | D:1      | Reached skill level 2 in Axes
   288 | D:1      | Found a faded altar of an unknown god.
   532 | D:1      | Reached XP level 2. HP: 19/19 MP: 2/2
   807 | D:1      | 807 ||| UPGRADING to ring of protection from fire.
   808 | D:1      | 808 ||| READING 2 scrolls labelled ADGHAV AN XUUSO.
   813 | D:1      | 813 ||| READING scroll labelled YCSAFORIRO.
   834 | D:2      | 834 ||| STAIRDANCE
   932 | D:2      | 932 ||| Stepping ~*~*~tactically~*~*~ (stealth).
   956 | D:2      | 956 ||| Stepping ~*~*~tactically~*~*~ (stealth).
   996 | D:2      | Reached skill level 3 in Axes
   996 | D:2      | Reached XP level 3. HP: 22/23 MP: 3/3
  1181 | D:2      | Noticed Natasha
  1182 | D:2      | 1182 ||| Stepping ~*~*~tactically~*~*~ (hiding).
  1196 | D:2      | HP: 5/23 [something/magic dart (5)]
  1197 | D:2      | 1197 ||| READING scroll of teleportation.
  1296 | D:2      | 1296 ||| Invisible monster not found???
  1354 | D:2      | 1354 ||| FLEEEEING.
  1355 | D:2      | 1355 ||| FLEEEEING.
  1356 | D:2      | 1356 ||| FLEEEEING.
  1364 | D:2      | 1364 ||| FLEEEEING.
  1366 | D:2      | 1366 ||| FLEEEEING.
  1367 | D:2      | 1367 ||| FLEEEEING.
  1369 | D:2      | 1369 ||| FLEEEEING.
  1370 | D:2      | 1370 ||| FLEEEEING.
  1371 | D:2      | 1371 ||| FLEEEEING.
  1372 | D:2      | 1372 ||| FLEEEEING.
  1373 | D:2      | 1373 ||| STAIRDANCE
  1403 | D:1      | 1403 ||| UPGRADING to +0 pair of gloves.
  1408 | D:1      | 1408 ||| UPGRADING to +0 chain mail.
  1418 | D:1      | 1418 ||| DROPPING +0 scale mail.
  1419 | D:1      | 1419 ||| READING scroll labelled SYLAYPOTAIF.
  1420 | D:1      | 1420 ||| READING scroll labelled ICHAUCUT TIHAK.
  1421 | D:1      | 1421 ||| DRINKING 2 fizzy black potions.
  1422 | D:1      | 1422 ||| DRINKING 2 fuming puce potions.
  1523 | D:1      | 1523 ||| DROPPING potion of flight.
  1524 | D:1      | 1524 ||| DROPPING potion of ambrosia.
  1734 | D:2      | 1734 ||| Stepping ~*~*~tactically~*~*~ (stealth).
  1735 | D:2      | 1735 ||| Stepping ~*~*~tactically~*~*~ (stealth).
  1739 | D:2      | Killed Natasha
  1740 | D:2      | Reached XP level 4. HP: 28/28 MP: 4/4
  1748 | D:2      | Found a shimmering altar of Xom.
  1814 | D:2      | Reached skill level 4 in Axes
  2032 | D:2      | Noticed Natasha
  2033 | D:2      | 2033 ||| Stepping ~*~*~tactically~*~*~ (hiding).
  2035 | D:2      | 2035 ||| Stepping ~*~*~tactically~*~*~ (hiding).
  2045 | D:2      | Killed Natasha
  2107 | D:2      | 2107 ||| READING 2 scrolls labelled XAXAITR CIPH.
  2108 | D:2      | 2108 ||| READING scroll labelled ZOXUPPY JOSIK.
  2175 | D:3      | Reached XP level 5. HP: 31/32 MP: 5/5
  2338 | D:3      | 2338 ||| Stepping ~*~*~tactically~*~*~ (stealth).
  2339 | D:3      | 2339 ||| Stepping ~*~*~tactically~*~*~ (stealth).
  2347 | D:3      | 2347 ||| FLEEEEING.
  2348 | D:3      | 2348 ||| FLEEEEING.
  2349 | D:3      | 2349 ||| FLEEEEING.
  2350 | D:3      | 2350 ||| FLEEEEING.
  2351 | D:3      | 2351 ||| FLEEEEING.
  2352 | D:3      | 2352 ||| FLEEEEING.
  2353 | D:3      | 2353 ||| FLEEEEING.
  2354 | D:3      | 2354 ||| FLEEEEING.
  2355 | D:3      | 2355 ||| FLEEEEING.
  2356 | D:3      | 2356 ||| FLEEEEING.
  2357 | D:3      | 2357 ||| FLEEEEING.
  2358 | D:3      | 2358 ||| FLEEEEING.
  2359 | D:3      | 2359 ||| FLEEEEING.
  2360 | D:3      | 2360 ||| FLEEEEING.
  2361 | D:3      | 2361 ||| FLEEEEING.
  2362 | D:3      | 2362 ||| FLEEEEING.
  2393 | D:3      | 2393 ||| DROPPING +0 club.
  2452 | D:3      | 2452 ||| Stepping ~*~*~tactically~*~*~ (hiding).
  2453 | D:3      | 2453 ||| Stepping ~*~*~tactically~*~*~ (hiding).
  2455 | D:3      | 2455 ||| Stepping ~*~*~tactically~*~*~ (hiding).
  2463 | D:3      | HP: 7/32 [orc priest/divine providence (10)]
  2466 | D:3      | Slain by an orc priest

Levels and vault maps discovered:
D:1:      ncdulo_watergridlock, layout_basic,
          shapermc_ecumenical_altar_mp_ritualfount
D:2:      layout_loops_ring, basic_altar, uniq_natasha
D:3:      layout_rooms

Skill      XL: |  1  2  3  4 |
---------------+-------------+-----
Axes           | 2 3 4 |  4.9
Fighting       | |  3.2
Armour         | |  3.2
Shields        | |  3.2

Action                   |  1- 3 |  4- 6 || total
-------------------------+-------+-------++-------
Melee: War axe           |    91 |    60 ||   151
  Use: Scroll            |     5 |     2 ||     7
       Potion            |     2 |       ||     2
Armor: Scale mail        |    50 |       ||    50
       Chain mail        |    11 |    34 ||    45
Dodge: Dodged            |    39 |    16 ||    55
Block: Buckler           |    16 |    13 ||    29

Table legend:
 A = Non-vault XP
 B = Vault XP
 C = Vault XP percentage of total XP
 D = Non-vault monster count
 E = Vault monster count
 F = Vault count percentage of total count
                 A         B        C        D         E       F
            +---------+---------+-------+---------+---------+-------
      Total |     191 |      35 |  15.5 |      38 |       1 |   2.6
            +---------+---------+-------+---------+---------+-------
        D:1 |      12 |       0 |   0.0 |       7 |       0 |   0.0
        D:2 |     103 |      35 |  25.4 |      17 |       1 |   5.6
        D:3 |      76 |       0 |   0.0 |      14 |       0 |   0.0
            +---------+---------+-------+---------+---------+-------
